 Dungeon Crawl Stone Soup version 0.25-a0-516-g7d600cd9ad (webtiles) character file.

Game seed: 7234354128294430777, levelgen mode: deterministic

3392 ReteAZ the Destroyer (level 9, -7/62 HPs)
             Began as a Mummy Wizard on Feb 17, 2020.
             Was an Initiate of Gozag.
             Mangled by a hippogriff (10 damage)
             ... on level 8 of the Dungeon.
             The game lasted 00:32:14 (13507 turns).

ReteAZ the Destroyer (Mummy Wizard)                Turns: 13507, Time: 00:32:15

Health: -7/62      AC:  5    Str: 12    XL:     9   Next: 75%
Magic:  2/18       EV: 12    Int: 19    God:    Gozag
Gold:   641        SH:  4    Dex: 10    Spells: 11/20 levels left

rFire    + . .     SeeInvis .   b - +12 flail "Hellblazer" {vorpal, rF+}
rCold    + + .     Gourm    .   k - +0 buckler
rNeg     + + +     Faith    .   h - +0 robe {rC+}
rPois    ∞         Spirit   .   u - +2 hat
rElec    .         Reflect  .   (no cloak)
rCorr    .         Harm     .   (no gloves)
MR       +....                  n - +0 pair of boots
Stlth    ++........             (no amulet)
HPRegen  0.20/turn              o - ring of protection from fire
MPRegen  0.16/turn              (no ring)

@: no status effects
A: no food or potions, fire vulnerability, cold resistance 1, negative energy
resistance 3, torment resistance, unbreathing
a: Potion Petition, Call Merchant, Bribe Branch, Renounce Religion


You were on level 8 of the Dungeon.
You worshipped Gozag.
Gozag was pleased with you.
You were not hungry.

You visited 1 branch of the dungeon, and saw 8 of its levels.

You collected 742 gold pieces.
You paid 101 gold pieces to Gozag.

Inventory:

Hand Weapons
 a - the +7 hunting sling of the Final Chapter {speed, Str+4 Stlth+}
   (You found it on level 4 of the Dungeon)

   Attacks with this weapon are significantly faster.
   It affects your strength (+4).
   It makes you more stealthy.
 b - the +12 flail "Hellblazer" (weapon) {vorpal, rF+}
   (You found it on level 5 of the Dungeon)

   It inflicts extra damage upon your enemies.
   It protects you from fire.
 w - a +4 dagger
Missiles
 f - 254 stones
 i - 86 bolts
 j - 82 arrows
 m - 48 sling bullets
 s - 7 silver javelins (quivered)
Armour
 c - a +0 robe
 h - a +0 robe of cold resistance (worn)
 k - a +0 buckler (worn)
 n - a +0 pair of boots (worn)
 u - a +2 hat (worn)
Jewellery
 o - a ring of protection from fire (left hand)
Scrolls
 d - 7 scrolls of identify
 e - a scroll of immolation {unknown}
 g - 4 scrolls of remove curse
 l - 3 scrolls of teleportation {unknown}
 p - a scroll of enchant weapon {unknown}
 q - a scroll of fog {unknown}
 v - a scroll of fear {unknown}
 x - a scroll of magic mapping {unknown}


   Skills:
 + Level 2.5 Fighting
 - Level 1.5 Dodging
 - Level 1.5 Stealth
 - Level 4.0 Shields
 - Level 6.1 Spellcasting
 - Level 8.0 Conjurations
 - Level 3.0 Summonings
   Level 0.7 Translocations
 + Level 2.3 Fire Magic
 - Level 3.0 Air Magic
 - Level 3.0 Poison Magic


You had 11 spell levels left.
You knew the following spells:

 Your Spells              Type           Power        Failure   Level  Hunger
a - Magic Dart            Conj           ####         1%          1    N/A
b - Call Imp              Summ           ###.....     4%          2    N/A
c - Mephitic Cloud        Conj/Pois/Air  ###.....     4%          3    N/A
d - Conjure Flame         Conj/Fire      ####....     4%          3    N/A

Your spell library contained the following spells:

 Spells                   Type           Power        Failure   Level  Hunger
 Summon Small Mammal      Summ           ###.         3%          1    N/A
 Call Canine Familiar     Summ           ###.....     10%         3    N/A
 Blink                    Tloc           N/A          12%         2    N/A
 Slow                     Hex            #.......     17%         2    N/A
 Summon Guardian Golem    Hex/Summ       ##......     19%         3    N/A
 Summon Lightning Spire   Summ/Air       ###.....     32%         4    N/A
 Summon Ice Beast         Ice/Summ       ##......     52%         4    N/A

Dungeon Overview and Level Annotations

Branches:
Dungeon (8/15)             Temple (0/1) D:6
   Lair: D:8-11

Altars:
Elyvilon
Gozag
Nemelex Xobeh
Ru
Uskayaw
Wu Jian
Beogh

Annotations:
D:4 1 runed translucent door, Crazy Yiuf, Pikel
D:5 exclusion: downstairs
D:7 2 transporters, tabo's ghost, novice KoMo


Innate Abilities, Weirdness & Mutations

You do not eat or drink.
Your flesh is vulnerable to fire.
You are immune to poison.
Your flesh is cold resistant. (rC+)
You are immune to negative energy. (rN+++)
You are immune to unholy pain and torment.
You can survive without breathing.


Message History

Confirm with . or Enter, or press ? or * to list all spells.
Aiming: Magic Dart (safe; 1% risk of failure)
Press: ? - help, Shift-Dir - straight line, f/p - hippogriff
Aim: a hippogriff (almost dead)
The magic dart hits the hippogriff but does no damage.
The hippogriff is almost dead.
The hippogriff bites you.
* * * LOW HITPOINT WARNING * * *
The hippogriff barely misses you. The hippogriff misses you.
Casting: Magic Dart (safe; 1% risk of failure)
Confirm with . or Enter, or press ? or * to list all spells.
Aiming: Magic Dart (safe; 1% risk of failure)
Press: ? - help, Shift-Dir - straight line, f/p - hippogriff
Aim: a hippogriff (almost dead)
The magic dart hits the hippogriff but does no damage.
The hippogriff is almost dead.
Your crimson imp blinks!
The hippogriff bites you!
You die...
Your body crumbles into a pile of gold.

..... #..# #+#
####..####.##
#...........#
#..5%.$.....#
#...........#
#.>..§......#
####.##H##...##
#.##.##@##...##
#..........>..#
#.............#
#.............#
#.............#
#......<......#
#.............#
#.............#
##...##......##


You could see a hippogriff and a friendly crimson imp.

Vanquished Creatures
  2 hungry ghosts
  An orc warrior (D:6)
  An ice beast (D:6)
  A sky beast (D:6)
  A black bear (D:6)
  3 ogres
  A wolf (D:8)
  A centaur (D:7)
  5 bullfrogs
  A gnoll sergeant (D:6)
  2 scorpions
  4 killer bees (D:7)
  4 wights (D:6)
  2 electric eels (D:6)
  A crimson imp (D:5)
  A howler monkey (D:4)
  A centaur zombie (D:5)
  3 hounds (D:7)
  3 orc priests
  2 centaur skeletons
  3 bullfrog skeletons
  3 orc wizards
  4 worker ants
  2 hound zombies (D:7)
  A hound skeleton (D:6)
  A howler monkey zombie (D:7)
  A worker ant zombie (D:8)
  3 gnolls (D:6)
  9 adders
  A shadow imp (D:6)
  3 oozes
  An adder zombie (D:7)
  An adder skeleton (D:6)
  2 worms
  A dart slug (D:2)
  2 leopard geckos
  20 orcs
  8 giant cockroaches
  15 goblins
  7 hobgoblins
  17 jackals
  3 quokkas
  2 ball pythons
  7 bats
  5 frilled lizards
  12 kobolds
  A leopard gecko skeleton (D:6)
  15 rats
190 creatures vanquished.

Vanquished Creatures (collateral kills)
  Grinder (D:4)
  A hippogriff (D:8)
  Sigmund (D:2)
  A spriggan (D:7)
  A slave (D:4)
  A wolf (D:8)
  A hound (D:4)
  Robin (D:4)
  A goblin (D:4)
  A hobgoblin (D:4)
10 creatures vanquished.

Grand Total: 200 creatures vanquished

Notes
Turn   | Place    | Note
-------+----------+-------------------------------------------
     0 | D:1      | ReteAZ the Mummy Wizard began the quest for the Orb.
     0 | D:1      | Reached XP level 1. HP: 13/13 MP: 5/5
   102 | D:1      | Reached skill level 1 in Conjurations
   367 | D:1      | Reached XP level 2. HP: 17/19 MP: 1/7
   893 | D:1      | Reached skill level 2 in Conjurations
   990 | D:1      | Learned a level 2 spell: Call Imp
  1056 | D:1      | Reached XP level 3. HP: 24/24 MP: 5/8
  1365 | D:1      | Learned a level 3 spell: Mephitic Cloud
  2331 | D:2      | Reached skill level 1 in Summonings
  2435 | D:2      | Reached XP level 4. HP: 30/30 MP: 8/10
  2453 | D:2      | Noticed Sigmund
  3097 | D:3      | Reached skill level 1 in Air Magic
  3247 | D:3      | Reached skill level 1 in Poison Magic
  3429 | D:3      | Found a sparkling altar of Nemelex Xobeh.
  3512 | D:3      | Reached XP level 5. HP: 35/35 MP: 9/12
  4109 | D:3      | Found a sparkling altar of Nemelex Xobeh.
  4315 | D:2      | Killed Sigmund
  4315 | D:2      | Reached skill level 1 in Shields
  5094 | D:4      | Reached XP level 6. HP: 15/41 MP: 6/13
  5440 | D:4      | Reached skill level 5 in Spellcasting
  5440 | D:4      | Reached skill level 3 in Conjurations
  5726 | D:4      | Noticed a hungry ghost
  5756 | D:4      | Killed a hungry ghost
  5756 | D:4      | Reached XP level 7. HP: 26/46 MP: 1/14
  5886 | D:4      | Noticed Pikel
  6076 | D:4      | Noticed Robin
  6202 | D:4      | Killed Robin
  6344 | D:4      | Found a roughly hewn altar of Beogh.
  6360 | D:4      | Noticed Grinder
  6396 | D:4      | Found a runed translucent door.
  6397 | D:4      | Noticed Crazy Yiuf
  6436 | D:4      | Killed Grinder
  6941 | D:4      | Reached skill level 4 in Conjurations
  7427 | D:4      | Got an ichor-stained hunting sling
  7428 | D:4      | Identified the +7 hunting sling of the Final Chapter
                  | {speed, Str+4 Stlth+} (You found it on level 4 of the
                  | Dungeon)
  7707 | D:5      | Entered Level 5 of the Dungeon
  7707 | D:5      | Found a sacrificial altar of Ru.
  7783 | D:5      | Learned a level 3 spell: Conjure Flame
  8106 | D:5      | Reached XP level 8. HP: 52/52 MP: 17/17
  8209 | D:5      | Got a twisted flail
  8442 | D:5      | Found a white marble altar of Elyvilon.
  8550 | D:5      | Found a white marble altar of Elyvilon.
  8744 | D:5      | Found a sacrificial altar of Ru.
  8927 | D:6      | Identified the +12 flail "Hellblazer" {vorpal, rF+} (You
                  | found it on level 5 of the Dungeon)
  8952 | D:6      | Reached skill level 5 in Conjurations
  9406 | D:6      | Found an ornate altar of the Wu Jian Council.
  9493 | D:6      | Found an opulent altar of Gozag.
  9515 | D:6      | Reached skill level 6 in Conjurations
  9533 | D:6      | Became a worshipper of Gozag Ym Sagoz the Greedy
  9700 | D:6      | Found a staircase to the Ecumenical Temple.
  9816 | D:6      | Reached skill level 7 in Conjurations
  9931 | D:6      | Found an opulent altar of Gozag.
  9970 | D:6      | Reached XP level 9. HP: 39/57 MP: 8/18
 10493 | D:6      | Found an opulent altar of Gozag.
 10602 | D:6      | Found an ornate altar of the Wu Jian Council.
 10640 | D:6      | Found an opulent altar of Gozag.
 10649 | D:6      | Found a staircase to the Ecumenical Temple.
 11042 | D:7      | Found a hide-covered altar of Uskayaw.
 11065 | D:7      | Noticed a +0 hand axe
 11065 | D:7      | Noticed a +0 dagger
 11278 | D:7      | Reached skill level 1 in Fire Magic
 11496 | D:7      | Found a transporter.
 11526 | D:7      | Found a transporter.
 11526 | D:7      | Noticed tabo's ghost (novice KoMo)
 11978 | D:7      | Reached skill level 1 in Fighting
 12754 | D:7      | Found a hide-covered altar of Uskayaw.
 12958 | D:7      | Found a transporter.
 12977 | D:7      | Found a transporter.
 13235 | D:8      | Reached skill level 8 in Conjurations
 13506 | D:8      | HP: 3/62 [hippogriff (5)]
 13507 | D:8      | Mangled by a hippogriff

Levels and vault maps discovered:
D:1:      dpeg_arrival_connections, layout_loops_corners, st_stairs_7
D:2:      layout_rooms, uniq_sigmund
D:3:      layout_rooms, nemelex_spade_bored_becter
D:4:      layout_basic, first_ration, chequers_serial_rivers_micro_d,
          kennysheep_orc_chapel, uniq_crazy_yiuf_cottage, uniq_robin,
          uniq_grinder, uniq_pikel
D:5:      layout_rooms, nicolae_ru_awakened_eye, elyvilon_altar_4
D:6:      layout_loops_cross, kennysheep_little_box, nicolae_gozag_seed_capital,
          temple_green, kennysheep_diamond
D:7:      layout_loops_ring, dancing_weapons_uskayaw, gammafunk_ghost_arena,
          the_bakery
D:8:      layout_gridville, grunt_temple_overflow_forces_of_nature,
          okawaru_gym_becter, grunt_temple_overflow_open, lair_entry_dummy,
          uniq_grum

Skill      XL: |  1  2  3  4  5  6  7  8  9 |
---------------+----------------------------+-----
Conjurations   | 1 2 3 4 7 8 |  8.0
Summonings     | 1 2 3 |  3.0
Air Magic      | 1 2 3 |  3.0
Poison Magic   | 1 2 3 |  3.0
Shields        | 1 2 4 |  4.0
Spellcasting   | 5 6 |  6.1
Fire Magic     | 2 |  2.3
Fighting       | 2 |  2.5
Dodging        | |  1.5
Stealth        | |  1.5
Translocations | |  0.7

Action                   |  1- 3 |  4- 6 |  7- 9 || total
-------------------------+-------+-------+-------++-------
Melee: Whip              |     1 |       |       ||     1
       Dagger            |    17 |    27 |    27 ||    71
       Flail             |       |       |    23 ||    23
 Fire: Hunting sling     |       |    42 |   179 ||   221
 Cast: Magic Dart        |    95 |   159 |   209 ||   463
       Call Imp          |       |     6 |    26 ||    32
       Conjure Flame     |       |       |     8 ||     8
       Mephitic Cloud    |       |       |     7 ||     7
  Use: Scroll            |       |       |     2 ||     2
 Stab: Sleeping          |     1 |       |       ||     1
       Confused          |       |       |     2 ||     2
Armor: Robe              |     9 |    30 |    38 ||    77
Dodge: Dodged            |    27 |    69 |    71 ||   167
Block: Buckler           |       |    14 |    28 ||    42

Table legend:
 A = Non-vault XP
 B = Vault XP
 C = Vault XP percentage of total XP
 D = Non-vault monster count
 E = Vault monster count
 F = Vault count percentage of total count
                 A         B        C        D         E       F
            +---------+---------+-------+---------+---------+-------
      Total |    4071 |     776 |  16.0 |     174 |      25 |  12.6
            +---------+---------+-------+---------+---------+-------
        D:1 |      54 |       1 |   1.8 |      32 |       1 |   3.0
        D:2 |     119 |     116 |  49.4 |      29 |       1 |   3.3
        D:3 |      89 |       0 |   0.0 |      26 |       0 |   0.0
        D:4 |     538 |     264 |  32.9 |      16 |      17 |  51.5
        D:5 |     359 |       0 |   0.0 |      13 |       0 |   0.0
        D:6 |    1517 |      38 |   2.4 |      31 |       3 |   8.8
        D:7 |    1088 |     154 |  12.4 |      23 |       1 |   4.2
        D:8 |     307 |     203 |  39.8 |       4 |       2 |  33.3
            +---------+---------+-------+---------+---------+-------
